 Dungeon Crawl Stone Soup version 0.23.0-3-gf3c87f2 (webtiles) character file.

Game seed: 14679672392703130652

98 Scud the Sneak (level 4, -2/23 HPs)
             Began as a Spriggan Assassin on Feb 23, 2019.
             Slain by a worm (11 damage)
             ... on level 2 of the Dungeon.
             The game lasted 00:08:23 (2691 turns).

Scud the Sneak (Spriggan Assassin)                  Turns: 2691, Time: 00:08:24

Health: -2/23      AC:  3    Str:  7    XL:     4   Next: 44%
Magic:  5/5        EV: 18    Int: 12    God:
Gold:   124        SH:  0    Dex: 18    Spells: 3/3 levels left

rFire    . . .     SeeInvis +   a - +2 dagger
rCold    . . .     Gourm    .   (shield restricted)
rNeg     . . .     Faith    .   c - +0 robe
rPois    .         Spirit   .   (helmet restricted)
rElec    .         Reflect  .   d - +0 cloak
rCorr    .         Harm     .   (gloves unavailable)
MR       .....                  (boots unavailable)
Stlth    ++++......             (no amulet)
HPRegen  0.07/turn              (no ring)
MPRegen  0.09/turn              (no ring)

@: very quick
A: very small, unfitting armour, see invisible, herbivore, speed 3, slow
metabolism 2
a: no special abilities


You were on level 2 of the Dungeon.
You were not hungry.

You visited 1 branch of the dungeon, and saw 2 of its levels.

You collected 124 gold pieces.

Inventory:

Hand Weapons
 a - a +2 dagger (weapon)
 b - a +0 blowgun
 l - a cursed -1 dagger
Missiles
 e - 8 poisoned needles
 f - 2 curare-tipped needles
 i - 139 stones (quivered)
Armour
 c - a +0 robe (worn)
 d - a +0 cloak (worn)
Jewellery
 s - an uncursed ring of see invisible {unknown}
Scrolls
 h - a scroll of fear {unknown}
 j - 4 scrolls of identify {unknown}
 k - 2 scrolls of remove curse {unknown}
 m - a scroll of amnesia {unknown}
 n - a scroll of fog {unknown}
 o - a scroll of immolation {unknown}
 t - a scroll of noise {unknown}
Potions
 p - 2 potions of curing {unknown}
 q - 2 potions of might {unknown}
 r - a potion of mutation {unknown}
Comestibles
 g - 4 rations


   Skills:
 + Level 1.9 Fighting
 + Level 3.2 Short Blades
 + Level 2.4 Throwing
 + Level 2.3 Dodging
 + Level 7.4 Stealth


You had 3 spell levels left.
You didn't know any spells.
Your spell library was empty.

Dungeon Overview and Level Annotations

Branches:
Dungeon (2/15)

Altars:
Cheibriados


Innate Abilities, Weirdness & Mutations

You are very small and have problems with some larger weapons.
You are too small for most types of armour.
You have supernaturally acute eyesight. (SInv)
You are a herbivore.
You cover ground extremely quickly.
You need to consume almost no food.


Message History

The worm is severely wounded.
The worm barely misses you.
You hit the worm but do no damage.
The worm is severely wounded.
You hit the worm.
The worm is severely wounded.
The worm bites you.
You hit the worm.
The worm is severely wounded.
You hit the worm.
The worm is heavily wounded.
You hit the worm but do no damage.
The worm is heavily wounded.
The worm closely misses you.
You hit the worm.
The worm is severely wounded.
You hit the worm.
The worm is almost dead.
The worm bites you!
You die...

#..........#.......###..# #.#....
#..........##..#....###.###.....)
##....########.##...###..........
###..###### #.##................
####.......###.#.....###.........
..###.###.............##..##.....
..# #.>..# #..#............#.....
..###.##.###...............#.....
.w.............w@.......#..#.....
..#.........###..................
..#.##..................8#8......
###.###.....##..........#!#......
#.# ##....##....##....8#8.....#
###.###.<.......#..##...........#
...).....#...#####............[).
.......#.###..#.#.###........##..
.......#.# ##..........###.......


You could see a worm.

Vanquished Creatures
  2 adders (D:2)
  2 oozes (D:2)
  2 worms
  3 dart slugs (D:1)
  2 leopard geckos
  2 ball pythons
  7 bats
  3 giant cockroaches
  11 goblins
  5 hobgoblins
  2 jackals
  2 frilled lizards
  9 kobolds
  5 rats
57 creatures vanquished.

Notes
Turn   | Place    | Note
-------+----------+-------------------------------------------
     0 | D:1      | Scud the Spriggan Assassin began the quest for the Orb.
     0 | D:1      | Reached XP level 1. HP: 10/10 MP: 2/2
    68 | D:1      | Reached skill level 6 in Stealth
   158 | D:1      | Reached XP level 2. HP: 15/15 MP: 3/3
   480 | D:1      | Found a snail-covered altar of Cheibriados.
   708 | D:1      | Reached XP level 3. HP: 14/18 MP: 4/4
  1223 | D:2      | Reached skill level 7 in Stealth
  1967 | D:2      | Reached XP level 4. HP: 14/23 MP: 5/5
  2691 | D:2      | Slain by a worm

Skill      XL: |  1  2  3 |
---------------+----------+-----
Stealth        | 6 7 |  7.4
Dodging        | 2 |  2.3
Short Blades   | 3 |  3.2
Fighting       | |  1.9
Throwing       | |  2.4

Action                   |  1- 3 |  4- 6 || total
-------------------------+-------+-------++-------
Melee: Dagger            |   150 |    86 ||   236
Throw: Stone             |     8 |    14 ||    22
 Stab: Sleeping          |    15 |     2 ||    17
Armor: Robe              |    16 |     2 ||    18
Dodge: Dodged            |   119 |    43 ||   162
